[Event "Titled Tuesday Blitz March 28 Late 2023"]
[White "Mekhane, Adam"]
[Black "Vachier-Lagrave, Maxime"]
[WhiteFideId "36050601"]
[BlackFideId "623539"]
[WhiteElo "2177"]
[BlackElo "2740"]
[Result "1-0"]
[Round "09"]
[TimeControl "180+2"]
[Date "2023.03.28"]
[WhiteClock "0:00:32"]
[BlackClock "0:02:16"]

1. e4 c5 2. Nf3 e6 3. d4 cxd4 4. Nxd4 Nc6 5. Nc3 Nf6 6. a3 Qc7 7. Be2 a6 8. Be3 b5 9. Nxc6 dxc6 10. O-O Bb7 11. f4 Rd8 12. Qe1 c5 13. e5 Nd5 14. Nxd5 Bxd5 15. a4 c4 16. axb5 Bc5 17. Qf2 Bxe3 18. Qxe3 axb5 19. Ra7 Qb8 20. Qc5 Rd7 21. Rfa1 Bb7 22. Qxb5 Qc8 23. Rxb7 Qxb7 24. Qxb7 Rxb7 25. Ra8+ Ke7 26. Rxh8 Rxb2 27. Bxc4 Rxc2 28. Bf1 h6 29. Rg8 g6 30. Ra8 Rc5 31. Ra7+ Kf8 32. Kf2 g5 33. g3 Rc2+ 34. Kf3 gxf4 35. gxf4 Rxh2 36. Bg2 Rh5 37. Kg4 Rh2 38. Kg3 Rh5 39. Bf3 1-0


[Site "https://www.chess.com"]

[Event "Titled Tuesday Blitz March 28 Late 2023"]
[White "Baskakov, Egor"]
[Black "Domingo Nunez, Alejandro"]
[WhiteFideId "24197866"]
[BlackFideId "22245561"]
[WhiteElo "2212"]
[BlackElo "2230"]
[Result "1/2-1/2"]
[Round "09"]
[TimeControl "180+2"]
[Date "2023.03.28"]
[WhiteClock "0:01:27"]
[BlackClock "0:00:53"]

1. e4 g6 2. g3 Bg7 3. Bg2 c5 4. Ne2 Nc6 5. O-O e6 6. c4 Nge7 7. Nbc3 O-O 8. d3 Nd4 9. Nxd4 cxd4 10. Ne2 d5 11. cxd5 exd5 12. exd5 Nxd5 13. Nf4 Ne7 14. Re1 Nc6 15. Bd2 Ne5 16. Qb3 Bg4 17. Bb4 Re8 18. Re4 Bf5 19. Ree1 Bg4 20. Re4 Bf5 21. Ree1 Bg4 1/2-1/2


[Site "https://www.chess.com"]

[Event "Titled Tuesday Blitz March 28 Late 2023"]
[White "Zierk, Steven"]
[Black "Cuenca Jimenez, Jose Fernando"]
[WhiteFideId "2034255"]
[BlackFideId "2255570"]
[WhiteElo "2494"]
[BlackElo "2429"]
[Result "0-1"]
[Round "09"]
[TimeControl "180+2"]
[Date "2023.03.28"]
[WhiteClock "0:00:10"]
[BlackClock "0:00:05"]

1. e4 d6 2. d4 Nf6 3. Nc3 e5 4. Nf3 Nbd7 5. Bc4 Be7 6. O-O O-O 7. Re1 c6 8. a4 b6 9. d5 cxd5 10. Nxd5 Bb7 11. Bg5 Rc8 12. Bxf6 Nxf6 13. Nxf6+ Bxf6 14. Qd3 Qc7 15. Nd2 Bg5 16. Bb3 g6 17. Nf1 Kg7 18. Rad1 Rcd8 19. Ne3 Bxe3 20. Qxe3 f5 21. exf5 Rxf5 22. Rd2 Rdf8 23. Red1 R5f6 24. c3 g5 25. Qxg5+ Rg6 26. Rxd6 Qxd6 27. Rxd6 Rxg5 28. Rd7+ Kf6 29. Rxb7 Rg7 30. Rxg7 Kxg7 31. Kf1 Kf6 32. Ke2 h6 33. h4 Rd8 34. Ke3 Rd6 35. Bc2 Rd8 36. Bd3 Rd7 37. b4 Rc7 38. Kd2 a5 39. g3 Ke6 40. Be2 Kd5 41. bxa5 bxa5 42. g4 Rf7 43. Ke3 Rf4 44. g5 Re4+ 45. Kd3 Rxh4 46. gxh6 Ke6 47. Bf3 Rxh6 48. Kc4 Rh4+ 49. Kb5 Rf4 50. Bb7 Rxf2 51. Kxa5 Kd6 52. Ba6 Rb2 53. Bb5 Kc5 54. Ka6 e4 55. Kb7 e3 56. Kc7 Rxb5 0-1


[Site "https://www.chess.com"]

[Event "Titled Tuesday Blitz March 28 Late 2023"]
[White "Djokic, Mihailo"]
[Black "Ibarra Jerez, Jose Carlos"]
[WhiteFideId "976440"]
[BlackFideId "2226332"]
[WhiteElo "2294"]
[BlackElo "2638"]
[Result "0-1"]
[Round "09"]
[TimeControl "180+2"]
[Date "2023.03.28"]
[WhiteClock "0:00:10"]
[BlackClock "0:01:07"]

1. e4 c5 2. Nf3 e6 3. d4 cxd4 4. Nxd4 Bc5 5. Nb3 Bb6 6. Nc3 Ne7 7. Bf4 d5 8. exd5 exd5 9. Bd3 O-O 10. O-O Nbc6 11. Qf3 Be6 12. Rad1 Qc8 13. h3 Rd8 14. Bg5 f6 15. Bh4 Ne5 16. Qe2 Bxh3 17. Kh1 N7g6 18. Bg3 Bg4 19. f3 Nxd3 20. fxg4 Nxb2 21. Nxd5 Nxd1 22. Rxd1 Re8 23. Qd3 Qxg4 24. c4 Ne5 25. Qc3 Qxd1+ 0-1


[Site "https://www.chess.com"]

[Event "Titled Tuesday Blitz March 28 Late 2023"]
[White "Popov, Mikhail"]
[Black "Mendonca, Leon Luke"]
[WhiteFideId "4146182"]
[BlackFideId "35028561"]
[WhiteElo "2270"]
[BlackElo "2464"]
[Result "0-1"]
[Round "09"]
[TimeControl "180+2"]
[Date "2023.03.28"]
[WhiteClock "0:00:02"]
[BlackClock "0:00:09"]

1. d4 Nf6 2. Nf3 e6 3. Bg5 b6 4. e4 h6 5. Bxf6 Qxf6 6. Nc3 Bb7 7. Qd2 g5 8. h3 Bg7 9. O-O-O Qe7 10. Kb1 d6 11. Bb5+ Nd7 12. d5 a6 13. Bxd7+ Qxd7 14. e5 dxe5 15. dxe6 Qxe6 16. Rhe1 O-O 17. Qd7 Bxf3 18. gxf3 Rac8 19. Qxe6 fxe6 20. Re3 Rcd8 21. Kc1 Kf7 22. Ne4 Kg6 23. Ng3 Rxd1+ 24. Kxd1 e4 25. Rxe4 Rxf3 26. Rxe6+ Kf7 27. Rc6 Rxf2 28. Rxc7+ Kg6 29. Rc6+ Rf6 30. Rxf6+ Bxf6 31. b3 Be5 32. Ne2 Kf5 33. Ke1 Ke4 34. Kf2 h5 35. c3 Kd3 36. c4 a5 37. Kf3 g4+ 38. hxg4 hxg4+ 39. Kf2 Kc2 40. Ke3 Kb2 41. Ke4 Bh2 42. Kd5 Kxa2 43. Kc6 Kxb3 44. Kxb6 a4 45. c5 a3 46. c6 a2 47. Nc1+ Ka3 48. Nxa2 Kxa2 49. Kb7 Bf4 50. Kb6 g3 51. c7 Bxc7+ 52. Kxc7 g2 0-1


[Site "https://www.chess.com"]

[Event "Titled Tuesday Blitz March 28 Late 2023"]
[White "Thomforde-Toates, Noah"]
[Black "Melkumyan, Hrant"]
[WhiteFideId "30951992"]
[BlackFideId "13302485"]
[WhiteElo "2665"]
[BlackElo "2604"]
[Result "0-1"]
[Round "09"]
[TimeControl "180+2"]
[Date "2023.03.28"]
[WhiteClock "0:01:12"]
[BlackClock "0:02:11"]

1. e4 c6 2. Bc4 d5 3. Bb3 dxe4 4. Qh5 g6 5. Qh4 Nf6 6. Nc3 Bg7 7. f3 Na6 8. fxe4 Nc5 9. Nf3 h6 10. d3 g5 11. Qf2 Nxb3 12. axb3 Ng4 13. Qg3 Qd6 14. Qxd6 exd6 15. Ke2 f5 16. h3 Nf6 17. Be3 fxe4 18. dxe4 a6 19. e5 dxe5 20. Nxe5 O-O 21. Nd3 Re8 22. Kd2 Bf5 23. Rae1 Ne4+ 24. Nxe4 Bxe4 25. Re2 Bxd3 26. cxd3 Bxb2 27. d4 Rad8 28. Kd3 Bxd4 29. Bxd4 Rxe2 30. Kxe2 Rxd4 31. Ke3 Rb4 32. Rd1 Rxb3+ 33. Ke4 Rb5 34. Rd7 a5 35. Kf3 h5 36. h4 gxh4 37. Ke4 a4 38. Kd4 Rd5+ 0-1


[Site "https://www.chess.com"]

[Event "Titled Tuesday Blitz March 28 Late 2023"]
[White "Smirnov, Pavel"]
[Black "Goroshkov, Maksym"]
[WhiteFideId "4123425"]
[BlackFideId "14142716"]
[WhiteElo "2519"]
[BlackElo "2322"]
[Result "1-0"]
[Round "09"]
[TimeControl "180+2"]
[Date "2023.03.28"]
[WhiteClock "0:01:34"]
[BlackClock "0:00:53"]

1. d4 Nf6 2. c4 e5 3. dxe5 Ng4 4. Bf4 Nc6 5. Nf3 Bb4+ 6. Nbd2 Qe7 7. e3 Ngxe5 8. Nxe5 Nxe5 9. a3 Bxd2+ 10. Qxd2 d6 11. Be2 b6 12. O-O Bb7 13. b4 O-O 14. Rac1 Rfe8 15. c5 dxc5 16. bxc5 Rad8 17. Qc3 Ng6 18. Bg3 Nh4 19. c6 Bc8 20. Rfd1 Nf5 21. Bf4 Rxd1+ 22. Rxd1 Rd8 23. Rxd8+ Qxd8 24. Qe5 Nd6 25. Qd4 Kf8 26. e4 f6 27. e5 Nf7 28. Qxd8+ Nxd8 29. exf6 Nxc6 30. fxg7+ Kxg7 31. Bxc7 Be6 32. f4 Kf7 33. g4 Nd4 34. Bd1 Bd5 35. Kf2 b5 36. Be5 Nc6 37. Bb2 a5 38. Bc2 h6 39. h4 b4 40. g5 hxg5 41. hxg5 bxa3 42. Bxa3 Nd4 43. Bd3 Be6 44. Ke3 Nf5+ 45. Ke4 Nh4 46. Ke5 Nf3+ 47. Kd6 Nd4 48. g6+ Kf6 49. Bb2 Bf5 50. Bxf5 Kxf5 51. g7 Nb5+ 52. Kd7 1-0


[Site "https://www.chess.com"]

[Event "Titled Tuesday Blitz March 28 Late 2023"]
[White "Hambleton, Aman"]
[Black "Srinath, Rao S.V."]
[WhiteFideId "2606577"]
[BlackFideId "5028876"]
[WhiteElo "2511"]
[BlackElo "2196"]
[Result "0-1"]
[Round "09"]
[TimeControl "180+2"]
[Date "2023.03.28"]
[WhiteClock "0:00:11"]
[BlackClock "0:00:23"]

1. d4 Nf6 2. Bf4 c5 3. e3 cxd4 4. exd4 d5 5. c3 Nc6 6. Bd3 g6 7. Nd2 Bg7 8. Ngf3 O-O 9. O-O Bg4 10. h3 Bxf3 11. Nxf3 Nd7 12. Re1 e6 13. Qd2 Re8 14. Bh6 Bh8 15. Re2 e5 16. dxe5 Ndxe5 17. Nxe5 Nxe5 18. Rae1 Qd7 19. Qd1 a6 20. Bc2 Nc4 21. Qxd5 Rxe2 22. Qxd7 Rxe1+ 23. Kh2 b5 24. Bb3 Be5+ 25. f4 Bg7 26. Bxg7 Kxg7 27. Qb7 Rae8 28. Bxc4 bxc4 29. Qxa6 R8e4 30. Qd6 R1e2 31. Kg3 R4e3+ 32. Kh2 Rd3 33. Qc5 Rdd2 34. Qc6 Rxb2 35. a4 Ra2 36. Kg3 Re3+ 37. Kh4 Rxc3 38. g3 h6 39. Qc5 Raa3 40. Qe5+ Kg8 41. f5 Rxg3 42. fxg6 Rxh3+ 43. Kg4 Rag3+ 44. Kf4 Rxg6 45. Qe8+ Kg7 46. Qe5+ Rf6+ 47. Ke4 c3 48. Kd4 c2 49. Qe1 Rc6 50. Qg1+ Kh7 51. Qc1 Rb3 52. Kd5 Rc8 53. Qf1 Kg8 54. Qg1+ Kf8 55. Qc1 Rd3+ 56. Ke4 Rd6 57. Ke5 Ke7 58. Qa3 c1=Q 59. Qxd6+ Ke8 60. Kf6 Qc6 61. Ke5 Qxd6+ 62. Kxd6 Ra8 63. Ke5 Rxa4 64. Kf6 Rg4 65. Kf5 Rg6 66. Kf4 h5 67. Kf5 h4 68. Kf4 h3 69. Kf5 h2 70. Ke4 h1=Q+ 71. Kf5 Qh5+ 72. Kf4 Rg4+ 73. Kf3 Qh3+ 74. Kf2 Rg2+ 75. Kf1 Qh1# 0-1


[Site "https://www.chess.com"]

[Event "Titled Tuesday Blitz March 28 Late 2023"]
[White "Aradhya, Garg"]
[Black "Sochacki, Christophe"]
[WhiteFideId "25006746"]
[BlackFideId "662569"]
[WhiteElo "2263"]
[BlackElo "2474"]
[Result "0-1"]
[Round "09"]
[TimeControl "180+2"]
[Date "2023.03.28"]
[WhiteClock "0:00:17"]
[BlackClock "0:00:10"]

1. d4 Nc6 2. Nf3 d6 3. c4 e5 4. Nc3 exd4 5. Nxd4 g6 6. e4 Bg7 7. Be3 Nge7 8. Be2 O-O 9. O-O f5 10. exf5 Bxd4 11. Bxd4 Nxf5 12. Be3 Nxe3 13. fxe3 Be6 14. Qd2 Qg5 15. Nd5 Bxd5 16. cxd5 Ne7 17. Rfd1 Nf5 18. e4 Ne3 19. Bd3 Qh6 20. Rac1 Rf7 21. Be2 Qg5 22. g3 Re8 23. Bd3 Qh6 24. Re1 Ng4 25. Qxh6 Nxh6 26. b4 Ng4 27. a4 Ne5 28. Be2 c6 29. dxc6 bxc6 30. b5 cxb5 31. axb5 Kg7 32. Red1 Re6 33. Rd4 Nf3+ 34. Bxf3 Rxf3 35. Rc6 Re3 36. Rcxd6 Rxd6 37. Rxd6 Rxe4 38. Rd7+ Kf6 39. Rxa7 Rb4 40. Rb7 Rb2 41. b6 h5 42. Rb8 Kg5 43. h3 h4 44. b7 hxg3 45. h4+ Kg4 46. Kf1 g2+ 47. Kg1 Kg3 48. Rf8 Rb1+ 49. Rf1 Rxf1# 0-1


[Site "https://www.chess.com"]

[Event "Titled Tuesday Blitz March 28 Late 2023"]
[White "Flores, Diego"]
[Black "Adan Bermudez, Sergio"]
[WhiteFideId "108049"]
[BlackFideId "2292726"]
[WhiteElo "2606"]
[BlackElo "2292"]
[Result "1/2-1/2"]
[Round "09"]
[TimeControl "180+2"]
[Date "2023.03.28"]
[WhiteClock "0:00:19"]
[BlackClock "0:00:25"]

1. Nf3 d6 2. d4 g6 3. c4 Bg7 4. Nc3 c5 5. dxc5 Bxc3+ 6. bxc3 dxc5 7. Qc2 Nf6 8. e4 Qa5 9. Be2 Nxe4 10. O-O Bf5 11. Bd3 Qxc3 12. Bb2 Qxc2 13. Bxc2 O-O 14. Rfe1 Nd6 15. Bxf5 Nxf5 16. g4 Nd4 17. Bxd4 cxd4 18. Rxe7 Nc6 19. Rxb7 Rab8 20. Rab1 Rxb7 21. Rxb7 Rd8 22. Kf1 d3 23. Nd2 Ne5 24. f3 Nxf3 25. Nxf3 d2 26. Nxd2 Rxd2 27. Rxa7 Rxh2 28. a4 Rc2 29. Rc7 Ra2 30. Ra7 Kg7 31. g5 Rc2 32. Rc7 Ra2 33. Ra7 h6 34. gxh6+ Kxh6 35. Rxf7 Rxa4 36. Rf4 g5 37. Rd4 Kh5 38. Kg2 Ra2+ 39. Kg3 Ra3+ 40. Kg2 Rc3 41. Re4 g4 42. Rd4 Kh4 43. Rd2 Rxc4 44. Ra2 Rf4 45. Rb2 Rd4 46. Ra2 Rd3 47. Rb2 Rg3+ 48. Kh2 Rf3 49. Kg2 Rf4 50. Ra2 Rd4 51. Rb2 Rd1 52. Ra2 Rd3 53. Rb2 Rd4 54. Ra2 Kg5 55. Rb2 Kf4 56. Ra2 Rd3 57. Ra4+ Kg5 58. Ra2 Rd4 59. Rb2 Kf4 60. Ra2 Rc4 61. Rb2 g3 62. Ra2 Kg4 63. Rb2 Rf4 64. Ra2 Re4 65. Rb2 Kf4 66. Ra2 Kg4 67. Rb2 Rf4 68. Ra2 Rf2+ 69. Rxf2 gxf2 70. Kxf2 1/2-1/2


[Site "https://www.chess.com"]

[Event "Titled Tuesday Blitz March 28 Late 2023"]
[White "Adewumi, Tanitoluwa"]
[Black "Grebeniuk, Semen"]
[WhiteFideId "30966396"]
[BlackFideId "14117509"]
[WhiteElo "2745"]
[BlackElo "2266"]
[Result "0-1"]
[Round "09"]
[TimeControl "180+2"]
[Date "2023.03.28"]
[WhiteClock "0:00:14"]
[BlackClock "0:00:21"]

1. e4 c5 2. Nf3 Nc6 3. Bb5 e6 4. Bxc6 bxc6 5. b3 d6 6. Bb2 e5 7. O-O Bg4 8. h3 Bh5 9. c3 Nf6 10. d4 Nxe4 11. Re1 d5 12. g4 Bg6 13. Nxe5 Qh4 14. Qf3 O-O-O 15. Qe2 Kb7 16. Kg2 Bd6 17. Nd2 Bxe5 18. dxe5 h5 19. Nf3 Qe7 20. c4 hxg4 21. hxg4 Qe6 22. Ng1 Rh4 23. f3 Rdh8 24. fxe4 Rh2+ 25. Kg3 Rxe2 26. Nxe2 Bxe4 27. cxd5 cxd5 28. Nf4 Qh6 29. Nh5 Qd2 30. Ba3 g6 31. Rad1 Qxa2 32. Ra1 Qg2+ 33. Kf4 gxh5 34. Rg1 Qf3+ 35. Kg5 hxg4 36. Bxc5 Qf5# 0-1


[Site "https://www.chess.com"]

[Event "Titled Tuesday Blitz March 28 Late 2023"]
[White "Herrera Reyes, Jose Antonio"]
[Black "Janaszak, Dawid"]
[WhiteFideId "2274914"]
[BlackFideId "1119206"]
[WhiteElo "2273"]
[BlackElo "2220"]
[Result "1-0"]
[Round "09"]
[TimeControl "180+2"]
[Date "2023.03.28"]
[WhiteClock "0:01:16"]
[BlackClock "0:00:05"]

1. Nf3 Nf6 2. g3 d5 3. Bg2 g6 4. d3 Bg7 5. Nc3 O-O 6. h4 d4 7. Nb1 Nc6 8. Bg5 h6 9. Bd2 Ng4 10. c3 e5 11. c4 f5 12. Nh2 f4 13. Nxg4 Bxg4 14. f3 Be6 15. g4 Bf6 16. g5 hxg5 17. h5 gxh5 18. Rxh5 Kg7 19. Qb3 Rb8 20. Na3 Rh8 21. Rxh8 Qxh8 22. O-O-O Qh2 23. Bf1 a6 24. Nc2 g4 25. fxg4 Bxg4 26. c5 f3 27. exf3 Bxf3 28. Re1 Bh4 29. Qe6 Bxe1 30. Nxe1 e4 31. dxe4 Be2 32. Bh3 Rh8 33. Qd7+ Kg6 34. Bf5+ Kf6 35. Qe6+ Kg7 36. Qg6+ Kf8 37. Qf6+ Kg8 38. Be6+ 1-0


[Site "https://www.chess.com"]

[Event "Titled Tuesday Blitz March 28 Late 2023"]
[White "Bilan, Danila"]
[Black "Veiga, Jose Francisco R P Neves"]
[WhiteFideId "24161918"]
[BlackFideId "1930087"]
[WhiteElo "2182"]
[BlackElo "2320"]
[Result "0-1"]
[Round "09"]
[TimeControl "180+2"]
[Date "2023.03.28"]
[WhiteClock "0:00:08"]
[BlackClock "0:00:37"]

1. d4 Nf6 2. Nf3 g6 3. Bg5 Bg7 4. c3 O-O 5. Nbd2 d6 6. e4 c5 7. dxc5 dxc5 8. Bc4 Nc6 9. O-O Qc7 10. h3 b6 11. Re1 Nd7 12. Qe2 Bb7 13. Rad1 Rad8 14. Nf1 Nde5 15. Nxe5 Nxe5 16. Ba6 c4 17. Bxb7 Qxb7 18. Rxd8 Rxd8 19. Rd1 Nd3 20. f3 b5 21. Ne3 h6 22. Bh4 Be5 23. Nd5 g5 24. Bf2 e6 25. Nb4 Qd7 26. Nxd3 cxd3 27. Qe3 a6 28. Qb6 Ra8 29. Qe3 Rd8 30. Qb6 Qd6 31. Qxd6 Rxd6 32. Be3 a5 33. a3 f5 34. Kf1 Kf7 35. Bd4 Bxd4 36. Rd2 Be3 37. Rd1 d2 38. Ke2 f4 0-1


[Site "https://www.chess.com"]

[Event "Titled Tuesday Blitz March 28 Late 2023"]
[White "Sreyas Payyappat"]
[Black "Javakhadze, Zurab"]
[WhiteFideId "46674969"]
[BlackFideId "13603647"]
[WhiteElo "2083"]
[BlackElo "2381"]
[Result "0-1"]
[Round "09"]
[TimeControl "180+2"]
[Date "2023.03.28"]
[WhiteClock "0:00:18"]
[BlackClock "0:00:09"]

1. e4 e5 2. Nf3 Nc6 3. Bc4 Nf6 4. d4 exd4 5. e5 d5 6. Bb5 Ne4 7. Nxd4 Bd7 8. Bxc6 bxc6 9. c3 Be7 10. Be3 O-O 11. O-O f6 12. e6 Be8 13. f3 Nd6 14. Nd2 Qc8 15. N2b3 Nc4 16. Re1 Nxe3 17. Rxe3 f5 18. Qc2 g6 19. Rae1 c5 20. Ne2 f4 21. Re5 Bd6 22. Rxd5 Qxe6 23. Qd2 Bc6 24. Rd3 c4 25. Ned4 Qd7 26. Nxc6 Qxc6 27. Nd4 Qb6 28. Re6 cxd3 29. Qxd3 Rae8 30. Rxg6+ Kh8 31. Rh6 Rf7 32. Qg6 Qxb2 33. Qxf7 Re1# 0-1


[Site "https://www.chess.com"]

[Event "Titled Tuesday Blitz March 28 Late 2023"]
[White "Goltsev, Dmitry"]
[Black "Hirneise, Jens"]
[WhiteFideId "24176710"]
[BlackFideId "24614734"]
[WhiteElo "2336"]
[BlackElo "2345"]
[Result "1-0"]
[Round "09"]
[TimeControl "180+2"]
[Date "2023.03.28"]
[WhiteClock "0:01:08"]
[BlackClock "0:00:03"]

1. e4 c5 2. Nf3 a6 3. c4 e6 4. d4 cxd4 5. Nxd4 Qc7 6. Nc3 Nc6 7. Be3 Nf6 8. a3 b6 9. Rc1 Qb8 10. Nxc6 dxc6 11. Na4 c5 12. Qb3 Nd7 13. Be2 Bd6 14. g3 Bb7 15. f3 Bc6 16. Nc3 O-O 17. Rd1 Be5 18. Kf2 Rd8 19. Rd2 Qc7 20. Rhd1 Nf6 21. Rxd8+ Rxd8 22. Rxd8+ Qxd8 23. Qd1 Bd4 24. b4 e5 25. Nd5 Bxd5 26. cxd5 a5 27. Bxd4 cxd4 28. Qc2 axb4 29. axb4 Ne8 30. Qc6 Nd6 31. Bd3 h5 32. Ke2 h4 33. f4 hxg3 34. hxg3 Qe7 35. Qxb6 exf4 36. gxf4 Nxe4 37. Qb8+ Kh7 38. Qe5 Qxb4 39. Qxe4+ g6 40. f5 Kg7 41. Qe5+ f6 42. Qc7+ Kh6 43. fxg6 Qe7+ 44. Qxe7 1-0


[Site "https://www.chess.com"]

[Event "Titled Tuesday Blitz March 28 Late 2023"]
[White "Florescu, Codrut-Constantin"]
[Black "Bochnicka, Vladimir"]
[WhiteFideId "1202200"]
[BlackFideId "14943450"]
[WhiteElo "2191"]
[BlackElo "2094"]
[Result "1-0"]
[Round "09"]
[TimeControl "180+2"]
[Date "2023.03.28"]
[WhiteClock "0:01:09"]
[BlackClock "0:01:02"]

1. e4 c5 2. Nf3 Nc6 3. d4 cxd4 4. Nxd4 e5 5. Nb5 d6 6. Bc4 Be7 7. O-O Nf6 8. Bg5 O-O 9. Bxf6 Bxf6 10. Nxd6 Nd4 11. Nxf7 Rxf7 12. Bxf7+ Kxf7 13. c3 Nc6 14. Qxd8 Nxd8 15. Nd2 Be6 16. Nb3 Be7 17. Rad1 Nc6 18. g3 a5 19. f4 Kg8 20. fxe5 Nxe5 21. Nd4 Bxa2 22. b3 a4 23. bxa4 Rxa4 24. Ra1 Bc5 25. Rf2 Bb3 26. Rxa4 Bxa4 27. Rf5 Bd6 28. Kg2 Bd7 29. Rf1 Nf7 30. Ra1 Kf8 31. Ra7 Nd8 32. Ra8 Ke7 33. Nf5+ Bxf5 34. exf5 Be5 35. c4 h6 36. g4 Nf7 37. Ra7 Nd8 38. h4 Kd6 39. Kf3 Kc5 40. Ra5+ Kd4 41. Rd5+ Kxc4 42. Rxe5 b5 43. Re7 b4 44. Rxg7 b3 45. Rc7+ 1-0


[Site "https://www.chess.com"]

[Event "Titled Tuesday Blitz March 28 Late 2023"]
[White "Vafin, Ayrat"]
[Black "Piesik, Piotr"]
[WhiteFideId "4146530"]
[BlackFideId "1136194"]
[WhiteElo "2317"]
[BlackElo "2311"]
[Result "1-0"]
[Round "09"]
[TimeControl "180+2"]
[Date "2023.03.28"]
[WhiteClock "0:00:14"]
[BlackClock "0:00:01"]

1. Nf3 g6 2. g3 Bg7 3. d4 d5 4. Bg2 Nf6 5. O-O O-O 6. Nbd2 c6 7. Re1 Bf5 8. c3 Nbd7 9. Ng5 h6 10. Ngf3 g5 11. Qb3 Qc7 12. Nf1 Ne4 13. N3d2 Bg6 14. Nxe4 dxe4 15. f3 e5 16. Be3 Rfe8 17. d5 cxd5 18. Qxd5 Nf6 19. Qc5 Qxc5 20. Bxc5 b6 21. Ba3 Rad8 22. Rad1 h5 23. Ne3 g4 24. fxg4 hxg4 25. Rxd8 Rxd8 26. Rd1 Rxd1+ 27. Nxd1 Nd5 28. c4 Nc7 29. b3 f5 30. e3 Kf7 31. Nc3 Bh6 32. Kf2 Ke6 33. Bc1 Be8 34. Bd2 Bc6 35. h3 gxh3 36. Bxh3 Bg5 37. Ke2 Kf6 38. Bc1 Ne6 39. Ba3 Bh6 40. Kf2 Ng5 41. Bg2 Ke6 42. Bc1 Be8 43. g4 fxg4 44. Nxe4 Nxe4+ 45. Bxe4 Bf8 46. Kg3 Bh5 47. Bb7 Be7 48. Bc8+ Kf6 49. Bxg4 Bg6 50. Bd7 Bb1 51. a3 Ba2 52. Ba4 Bc5 53. Kf3 Bb1 54. b4 Bd6 55. Bc6 1-0


[Site "https://www.chess.com"]

[Event "Titled Tuesday Blitz March 28 Late 2023"]
[White "Gerbelli Neto, Eduardo"]
[Black "Khumalo, Keith"]
[WhiteFideId "2103281"]
[BlackFideId "14319470"]
[WhiteElo "2178"]
[BlackElo "2056"]
[Result "0-1"]
[Round "09"]
[TimeControl "180+2"]
[Date "2023.03.28"]
[WhiteClock "0:00:03"]
[BlackClock "0:01:31"]

1. e4 c5 2. Nc3 g6 3. f4 Bg7 4. Nf3 Nc6 5. Bc4 e6 6. f5 Nge7 7. fxe6 dxe6 8. d3 a6 9. O-O b5 10. Bb3 O-O 11. Qe1 Bb7 12. Qh4 Nd4 13. Bg5 f6 14. Be3 Kh8 15. Rf2 e5 16. Bxd4 exd4 17. Ne2 Qd6 18. Raf1 Nc6 19. Nf4 f5 20. Ng5 h6 21. Nf7+ Rxf7 22. Bxf7 g5 23. Qh5 gxf4 24. Rxf4 Ne7 25. exf5 Qf6 26. Be6 Nd5 27. Rg4 Qe5 28. Rg6 Qe3+ 29. Kh1 Nf6 30. Qh4 Rf8 31. h3 Nh7 32. Re1 Qd2 33. Qg3 Bxg2+ 34. Kg1 Ng5 35. Rxg7 Nf3+ 36. Qxf3 Bxf3 37. Rf1 Qe3+ 38. Kh2 Kxg7 39. Rg1+ Kh8 0-1


[Site "https://www.chess.com"]

[Event "Titled Tuesday Blitz March 28 Late 2023"]
[White "Sokac, Marko"]
[Black "Gokerkan, Cem Kaan"]
[WhiteFideId "14531356"]
[BlackFideId "6336760"]
[WhiteElo "2355"]
[BlackElo "2365"]
[Result "1-0"]
[Round "09"]
[TimeControl "180+2"]
[Date "2023.03.28"]
[WhiteClock "0:02:06"]
[BlackClock "0:00:08"]

1. e4 e5 2. Nc3 Nf6 3. Bc4 Nxe4 4. Qh5 Nd6 5. Bb3 Nc6 6. Nb5 g6 7. Qf3 f5 8. Qd5 Qg5 9. Nxc7+ Kd8 10. Nxa8 e4 11. Ne2 Qxg2 12. Rg1 Qxh2 13. d4 Be7 14. Bf4 Qh4 15. Bxd6 Qf6 16. Bc7+ Ke8 17. Be5 Nxe5 18. dxe5 Qh4 19. Nc7+ Kd8 20. Nb5 e3 21. O-O-O exf2 22. Rgf1 Re8 23. e6 Bg5+ 24. Kb1 1-0


[Site "https://www.chess.com"]

[Event "Titled Tuesday Blitz March 28 Late 2023"]
[White "Lewtak, Damian"]
[Black "Lenaerts, Lennert"]
[WhiteFideId "1141724"]
[BlackFideId "211435"]
[WhiteElo "2302"]
[BlackElo "2334"]
[Result "0-1"]
[Round "09"]
[TimeControl "180+2"]
[Date "2023.03.28"]
[WhiteClock "0:00:01"]
[BlackClock "0:00:07"]

1. e4 e5 2. Nf3 Nc6 3. Bb5 g6 4. d4 exd4 5. Nxd4 Bg7 6. Nxc6 bxc6 7. Bc4 Ne7 8. Nc3 O-O 9. Be3 Rb8 10. Bb3 a5 11. Qd2 d5 12. O-O-O Be6 13. Bd4 Qd6 14. Bxg7 Kxg7 15. h4 h6 16. f4 Bg4 17. Rde1 d4 18. Na4 c5 19. Kb1 Bd7 20. h5 c4 21. hxg6 cxb3 22. f5 bxc2+ 23. Ka1 Rh8 24. e5 Qb4 25. f6+ Kg8 26. gxf7+ Kxf7 27. Qf4 Nd5 28. Qe4 Be6 29. Qxc2 c5 30. Nxc5 Rbc8 31. Rc1 Ne3 32. Qe4 Rxc5 0-1


[Site "https://www.chess.com"]

[Event "Titled Tuesday Blitz March 28 Late 2023"]
[White "Levine, Joseph"]
[Black "Jocev, Milan"]
[WhiteFideId "30940346"]
[BlackFideId "900680"]
[WhiteElo "2351"]
[BlackElo "2323"]
[Result "1-0"]
[Round "09"]
[TimeControl "180+2"]
[Date "2023.03.28"]
[WhiteClock "0:00:02"]
[BlackClock "0:00:07"]

1. e4 e5 2. Nf3 Nc6 3. Bc4 Nf6 4. d3 Bc5 5. c3 a6 6. Nbd2 d6 7. Bb3 O-O 8. O-O Ba7 9. h3 Be6 10. Re1 Re8 11. Nf1 d5 12. Bg5 dxe4 13. dxe4 Qe7 14. Ne3 Bxe3 15. Rxe3 Rad8 16. Rd3 Rxd3 17. Qxd3 Bxb3 18. axb3 Rd8 19. Qc2 Qd6 20. Kf1 h6 21. Be3 Ne7 22. Nd2 Ng6 23. g3 Qe6 24. Kg2 h5 25. f3 h4 26. g4 Nf4+ 27. Bxf4 exf4 28. Nf1 Qd6 29. Kf2 Nh7 30. Kg2 Ng5 31. Re1 Qd3 32. Qf2 f6 33. Re2 Rd6 34. Rd2 Qb1 35. Rxd6 cxd6 36. b4 b5 37. Nh2 Qd1 38. Qxh4 Qe2+ 39. Qf2 Qd3 40. h4 Nf7 41. Nf1 Ne5 42. Nd2 d5 43. exd5 Qxd5 44. Ne4 Qd4 45. Kh3 1-0


[Site "https://www.chess.com"]